AoeStats
← GauchoSupay

Arabian Desert

510215276Analyzed
1v1 RM · 3d ago on Sep 30, 2026· 31m 28s· 2 players
Game mode
Random Map
Map size
Tiny (2 player)
Population
200
Speed
Normal
Resources
Standard
Victory
Conquest
Starting age
Dark Age
Ending age
Imperial Age
RankedLock teamsTeams togetherTeam positionsShared explorationLock speedFull tech treeHidden civsTurbo modeCheats
Victory
Defeat
🇨🇱 Malians · Chile
1110
+16
🇦🇷 Maya · Argentina
1120
-30
Buda-Cox
0:27 Loom
10:55 Feudal Age
11:30 Double-Bit Axe
16:40 Fletching
20:09 Castle Age
19:47 Padded Archer Armor
20:30 Crossbowman
22:01 Gold Mining
29:15 Forging
29:20 Scale Barding Armor
30:17 Bloodlines
GauchoSupay
0:32 Loom
13:22 Feudal Age
19:19 Castle Age
18:08 Double-Bit Axe
18:57 Gold Mining
30:24 Fletching
32:05 Fervor
Connection lost

Rejoining the realm…

Still unreachable

The connection could not be restored.

Session expired

The server has moved on; the page needs a fresh start.